 Dungeon Crawl Stone Soup version 0.24.0-125-gc4c63601f3 (webtiles) character file.

Game seed: 9280868018291588541, levelgen mode: deterministic

58 Curus the Slasher (level 3, 0/31 HPs)
             Began as a Minotaur Monk on Feb 28, 2020.
             Succumbed to a worker ant's poison
             ... on level 2 of the Dungeon.
             The game lasted 00:04:17 (1105 turns).

Curus the Slasher (Minotaur Monk)                   Turns: 1105, Time: 00:04:18

Health: 0/31       AC:  7    Str: 15    XL:     3   Next: 76%
Magic:  2/2        EV: 13    Int:  7    God:
Gold:   77         SH:  0    Dex: 13    Spells: 2/2 levels left

rFire    . . .     SeeInvis .   a - +0 falchion
rCold    . . .     Gourm    .   (no shield)
rNeg     . . .     Faith    .   h - +0 leather armour
rPois    .         Spirit   .   (helmet restricted)
rElec    .         Reflect  .   (no cloak)
rCorr    .         Harm     .   j - +0 pair of gloves
MR       +....                  (no boots)
Stlth    ++........             (no amulet)
HPRegen  0.10/turn              d - ring of protection from magic
MPRegen  0.08/turn              g - +3 ring of protection

@: lethally poisoned (0 -> -4)
A: retaliatory headbutt, horns 2
a: no special abilities


You were on level 2 of the Dungeon.
You were not hungry.

You visited 1 branch of the dungeon, and saw 2 of its levels.

You collected 77 gold pieces.

Inventory:

Hand Weapons
 a - a +0 falchion (weapon)
Armour
 b - a +0 robe
 f - a +0 shield
 h - a +0 leather armour (worn)
 j - a +0 pair of gloves (worn)
Jewellery
 d - a ring of protection from magic (left hand)
 e - an uncursed ring of wizardry
 g - a +3 ring of protection (right hand)
Scrolls
 i - a scroll of blinking
Comestibles
 c - 5 rations


   Skills:
 - Level 3.6 Fighting
 + Level 5.8 Long Blades
 - Level 3.2 Dodging
 - Level 1.5 Stealth


You had 2 spell levels left.
You didn't know any spells.
Your spell library was empty.

Dungeon Overview and Level Annotations

Branches:
Dungeon (2/15)

Altars:
Cheibriados


Innate Abilities, Weirdness & Mutations

You reflexively headbutt those who attack you in melee.
You have a pair of horns on your head.


Message History

The worker ant is severely wounded.
* * * LOW HITPOINT WARNING * * *
You feel sick. The worker ant closely misses you. The worker ant bites you.
* * * LOW HITPOINT WARNING * * *
You hit the worker ant.
You kill the worker ant!
* * * LOW HITPOINT WARNING * * *
You feel sick.
* * * LOW HITPOINT WARNING * * *
You feel sick.
You see here a rat skeleton.
* * * LOW HITPOINT WARNING * * *
You feel sick.
A bat comes into view.
* * * LOW HITPOINT WARNING * * *
You feel sick.
Found a viscous yellow potion.
* * * LOW HITPOINT WARNING * * *
You feel sick.
You die...

#...#...#÷.
#..#######.
##....###.). #####
##...###.###.
##...####..÷..#)..#..
##...........#...#...#
#.......###.###.###.##
#.......# #...###...#
#....@..# #.###.###.#
##.!b..####..#...#..#
#..................##
#.......######.....#
#.......# ####..#
##.....## ##.###
##...## #.... ###.#
#####


You could see a bat (sleeping).

Vanquished Creatures
  A worker ant (D:2)
  An adder (D:2)
  2 dart slugs
  A leopard gecko (D:2)
  3 bats
  A giant cockroach (D:1)
  5 goblins
  2 hobgoblins (D:1)
  4 frilled lizards (D:1)
  A kobold (D:2)
  2 rats
23 creatures vanquished.

Notes
Turn   | Place    | Note
-------+----------+-------------------------------------------
     0 | D:1      | Curus the Minotaur Monk began the quest for the Orb.
     0 | D:1      | Reached XP level 1. HP: 19/19 MP: 0/0
    97 | D:1      | Reached skill level 4 in Long Blades
   247 | D:1      | Reached XP level 2. HP: 26/26 MP: 1/1
   703 | D:2      | Found a snail-covered altar of Cheibriados.
   860 | D:2      | Reached skill level 5 in Long Blades
   883 | D:2      | Reached XP level 3. HP: 14/31 MP: 2/2
  1102 | D:2      | HP: 1/31 [poisoned by a worker ant]
  1105 | D:2      | Succumbed to a worker ant's poison

Levels and vault maps discovered:
D:1:      dpeg_arrival_boxes_within_box, layout_basic
D:2:      layout_rooms, cheibriados_altar_1, first_ration, minmay_between

Skill      XL: |  1  2 |
---------------+-------+-----
Long Blades    | 4 5 |  5.8
Fighting       | |  3.6
Dodging        | |  3.2
Stealth        | |  1.5

Action                   || total
-------------------------++-------
Melee: Falchion          ||    61
       Headbutt          ||     6
  Use: Scroll            ||     4
       Potion            ||     1
 Stab: Sleeping          ||     3
  Eat: Chunk             ||     1
Armor: Leather armour    ||    14
Dodge: Dodged            ||    29
       Rpst.: Falchion   ||    10
